 Dungeon Crawl Stone Soup version 0.23.0 (webtiles) character file.

Game seed: 5934081891974163833

2419 Borgoz the Ducker (level 9, -4/75 HPs)
             Began as a Ghoul Monk on Feb 17, 2019.
             Was a Priest of Makhleb.
             Splashed by a gnoll's acid (16 damage)
             ... on level 7 of the Dungeon.
             The game lasted 00:16:49 (6921 turns).

Borgoz the Ducker (Ghoul Monk)                      Turns: 6921, Time: 00:16:49

Health: -4/75      AC: 11    Str: 20    XL:     9   Next: 48%
Magic:  17/17      EV: 11    Int:  5    God:    Makhleb [***...]
Gold:   386        SH:  0    Dex: 14    Spells: 8/8 levels left

rFire    . . .     SeeInvis +   a - +1 dagger (venom)
rCold    + . .     Gourm    .   (no shield)
rNeg     + + +     Faith    .   k - +0 chain mail
rPois    ∞         Spirit   .   d - +2 helmet
rElec    .         Reflect  .   (no cloak)
rCorr    .         Harm     .   p - +2 pair of gloves
MR       .....                  (no boots)
Stlth    ..........             A - amulet of regeneration
HPRegen  0.00/turn              j - ring of see invisible
MPRegen  0.15/turn              l - ring of magical power

@: mighty, about to teleport, corroded, rotting
A: rotting body, claws 1, carnivore, cold resistance 1, negative energy
resistance 3, inhibited regeneration, torment resistance, unbreathing
a: Minor Destruction, Lesser Servant of Makhleb, Renounce Religion


You were on level 7 of the Dungeon.
You worshipped Makhleb.
Makhleb was most pleased with you.
You were not hungry.

You visited 2 branches of the dungeon, and saw 8 of its levels.

You collected 386 gold pieces.

Inventory:

Hand Weapons
 a - a +1 dagger of venom (weapon)
 b - a +0 blowgun
Missiles
 q - 24 poisoned needles
 t - 13 sling bullets
Armour
 d - a +2 helmet (worn)
 k - a +0 chain mail (worn)
 p - a +2 pair of gloves (worn)
Jewellery
 i - an uncursed amulet of magic regeneration
 j - a ring of see invisible (left hand)
 l - a ring of magical power (right hand)
 n - an uncursed amulet of faith
 A - an amulet of regeneration (around neck)
Wands
 y - a wand of polymorph (12)
Scrolls
 e - 3 scrolls of blinking
 f - a scroll of enchant armour {unknown}
 g - a scroll of enchant weapon
 h - 3 scrolls of remove curse
 r - 2 scrolls of teleportation
 v - a scroll of identify
 w - a scroll of fog
 x - a scroll of torment
Potions
 s - 2 potions of haste
 u - a potion of flight
Comestibles
 c - 11 rations
 m - 5 chunks of flesh


   Skills:
 + Level 6.0 Fighting
 * Level 6.6 Short Blades
 + Level 4.0 Armour
 * Level 6.6 Dodging
 + Level 6.1 Stealth


You had 8 spell levels left.
You didn't know any spells.
Your spell library contained the following spells:

 Spells                   Type           Power        Failure   Level  Hunger
 Confusing Touch          Hex            #.....       99%         1    ##.....
 Magic Dart               Conj           #...         99%         1    ##.....
 Blink                    Tloc           N/A          100%        2    ###....
 Call Imp                 Summ           #.......     100%        2    ###....
 Slow                     Hex            #.......     100%        2    ###....
 Confuse                  Hex            #.......     100%        3    ####...
 Conjure Flame            Conj/Fire      #.......     100%        3    ####...
 Gell's Gravitas          Tloc           #.........   100%        3    ####...
 Mephitic Cloud           Conj/Pois/Air  #.......     100%        3    ####...
 Petrify                  Tmut/Erth      #.......     100%        4    #####..
 Metabolic Englaciation   Hex/Ice        #.........   100%        5    ######.
 Yara's Violent Unravell  Hex/Tmut       #.........   100%        5    ######.


Dungeon Overview and Level Annotations

Branches:
Dungeon (7/15)             Temple (1/1) D:4

Altars:
Ashenzari
Cheibriados
Elyvilon
Fedhas
Kikubaaqudgha
Makhleb
Nemelex Xobeh
Okawaru
Qazlal
Sif Muna
Trog
Uskayaw
Vehumet
Xom
Yredelemnul
The Shining One

Annotations:
D:7 1 transporter, Grum


Innate Abilities, Weirdness & Mutations

Your body is rotting away.
You thrive on raw meat.
You are immune to poison.
You have sharp fingernails.
You are carnivorous and can eat meat at any time.
Your flesh is cold resistant. (rC+)
You are immune to negative energy. (rN+++)
You do not regenerate when monsters are visible.
You are immune to unholy pain and torment.
You can survive without breathing.


Message History

The wolf is heavily wounded.
The wolf bites you but does no damage.
The gnoll zaps a wand.
The bolt of acid hits the plant!
The plant is splashed with acid.
The bolt of acid hits you! The acid corrodes you!
You are splashed with acid!!
* * * LOW HITPOINT WARNING * * *
You miss the wolf.
The wolf is heavily wounded.
The wolf bites you.
* * * LOW HITPOINT WARNING * * *
You are too injured to fight recklessly!
Okay, then.
As you read the scroll of teleportation, it crumbles to dust.
You feel strangely unstable. The wolf misses you.
The gnoll zaps a wand.
The bolt of acid hits the plant!!
The plant is splashed with acid.
The acid corrodes the plant!
The plant is destroyed!
The bolt of acid hits you.
* * * LOW HITPOINT WARNING * * *
You are splashed with acid!
You die...

.##............................#
.##.≈≈≈≈≈≈≈≈≈≈≈≈≈≈≈≈≈≈≈≈≈≈≈≈≈..#
.##.≈≈≈≈≈≈≈≈≈≈≈≈≈≈≈≈≈≈≈≈≈≈≈≈≈..#
+##.≈≈#####...........#####≈≈..#
....≈≈#..g#.###.©.###.#..g#≈≈..#
....≈≈#...###g#####g###..g#≈≈..#
..(.≈≈###...............###≈≈.##
....≈≈.8 .##'###+######.#8.≈≈.#
....≈≈.##.#.hg#.@8# #.##.≈≈.#
....≈≈.#..'.ghgh©⌠# '.g#.≈≈.#
....≈≈.##.#.gg#P.8# .#.##.≈≈.#
....≈≈.8#.##' ##'######.#8.≈≈.#
'##.≈≈###... ...g......###≈≈.#
.##.≈≈#...# # #####©###g..#≈≈.#
.##.≈≈#...#.###.©.###.#ggg#≈≈.#
'##.≈≈#####...........#####≈≈.#
....≈≈≈≈≈≈≈≈≈≈≈...≈≈≈≈≈≈≈≈≈≈≈.#


You could see Grum, 2 wolves and 4 gnolls.

Vanquished Creatures
  Grinder (D:3)
  A hippogriff (D:7)
  Sigmund (D:3)
  2 orc warriors
  2 ogres
  A phantom (D:5)
  A black bear (D:7)
  3 sky beasts
  2 bullfrogs (D:6)
  A lava snake (D:7)
  A crimson imp (D:6)
  A centaur zombie (D:5)
  2 bullfrog zombies
  A hound (D:6)
  3 orc priests
  A jelly (D:6)
  9 orc wizards
  A centaur skeleton (D:5)
  3 iguanas
  Terence (D:3)
  A killer bee zombie (D:7)
  Robin (D:3)
  A gnoll (D:1)
  7 adders
  A shadow imp (D:6)
  2 oozes
  A worm (D:3)
  A dart slug (D:1)
  6 leopard geckos
  23 orcs
  A ball python (D:1)
  7 giant cockroaches
  16 goblins
  13 hobgoblins
  9 jackals
  6 quokkas
  7 bats
  11 frilled lizards
  6 kobolds
  2 quokka zombies
  3 rats
163 creatures vanquished.

Vanquished Creatures (others)
  5 plants (D:7)
5 creatures vanquished.

Grand Total: 168 creatures vanquished

Notes
Turn   | Place    | Note
-------+----------+-------------------------------------------
     0 | D:1      | Borgoz the Ghoul Monk began the quest for the Orb.
     0 | D:1      | Reached XP level 1. HP: 19/19 MP: 0/0
    91 | D:1      | Reached XP level 2. HP: 10/26 MP: 1/1
   511 | D:1      | Reached XP level 3. HP: 31/31 MP: 2/2
  1248 | D:2      | Reached XP level 4. HP: 33/40 MP: 3/3
  1421 | D:2      | Reached skill level 1 in Armour
  2586 | D:3      | Noticed Sigmund
  2602 | D:3      | Killed Sigmund
  2602 | D:3      | Reached XP level 5. HP: 39/44 MP: 4/4
  2602 | D:3      | Reached XP level 6. HP: 45/50 MP: 5/5
  2673 | D:3      | Noticed an orc warrior
  2710 | D:3      | Killed an orc warrior
  3104 | D:3      | Noticed Grinder
  3112 | D:3      | Paralysed by Grinder for 2 turns
  3134 | D:3      | Paralysed by Grinder for 3 turns
  3151 | D:3      | Killed Grinder
  3151 | D:3      | Reached XP level 7. HP: 39/59 MP: 6/6
  3379 | D:3      | Noticed Terence
  3398 | D:3      | Killed Terence
  3435 | D:3      | Noticed Robin
  3489 | D:3      | Killed Robin
  3552 | D:3      | Found an iron altar of Okawaru.
  3927 | D:4      | Found a basalt altar of Yredelemnul.
  4041 | D:4      | Found a glowing golden altar of the Shining One.
  4172 | D:4      | Found a staircase to the Ecumenical Temple.
  4242 | Temple   | Entered the Ecumenical Temple
  4372 | Temple   | Became a worshipper of Makhleb the Destroyer
  4372 | Temple   | Reached * piety under Makhleb
  4372 | Temple   | Reached ** piety under Makhleb
  4557 | D:4      | Found a blossoming altar of Fedhas.
  4601 | D:4      | Found a sparkling altar of Nemelex Xobeh.
  4739 | D:5      | Entered Level 5 of the Dungeon
  4781 | D:4      | Reached skill level 5 in Short Blades
  4781 | D:4      | Reached skill level 5 in Dodging
  4781 | D:4      | Reached XP level 8. HP: 45/66 MP: 7/7
  5054 | D:5      | Reached skill level 5 in Fighting
  5447 | D:6      | Reached skill level 5 in Stealth
  5615 | D:6      | Reached *** piety under Makhleb
  5843 | D:6      | Reached XP level 9. HP: 51/74 MP: 8/8
  6494 | D:7      | Found a white marble altar of Elyvilon.
  6655 | D:7      | Found a radiant altar of Vehumet.
  6848 | D:7      | Identified the cursed +1 scale mail of Pantheism {+Fly
                  | Str+5}
  6892 | D:7      | Found a transporter.
  6892 | D:7      | Found a transporter.
  6910 | D:7      | Noticed Grum
  6921 | D:7      | Splashed by a gnoll's acid

Skill      XL: |  1  2  3  4  5  6  7  8  9 |
---------------+----------------------------+-----
Short Blades   | 3 4 5 6 |  6.6
Dodging        | 3 4 5 6 |  6.6
Armour         | 1 2 3 4 |  4.0
Stealth        | 3 4 5 6 |  6.1
Fighting       | 4 5 6 |  6.0

Action                   |  1- 3 |  4- 6 |  7- 9 || total
-------------------------+-------+-------+-------++-------
Melee: Short sword       |   126 |    61 |       ||   187
       Dagger            |       |   120 |   602 ||   722
  Use: Potion            |       |     1 |     5 ||     6
       Scroll            |       |       |    11 ||    11
 Stab: Sleeping          |     4 |     3 |       ||     7
       Invisible         |       |       |     1 ||     1
  Eat: Chunk             |     4 |     7 |    31 ||    42
Armor: Robe              |    26 |    37 |       ||    63
       Chain mail        |       |     8 |   314 ||   322
Dodge: Dodged            |    89 |    88 |   213 ||   390
